 Dungeon Crawl Stone Soup version 0.25-a0-340-ga1faa1601d (webtiles) character file.

Game seed: 13091446268184567409, levelgen mode: classic

616 Borgoz the Covered (level 7, 0/44 HPs)
             Began as a Gargoyle Fighter on Dec 29, 2019.
             Splashed by a jelly's acid (1 damage)
             ... on level 7 of the Dungeon.
             The game lasted 00:04:33 (3193 turns).

Borgoz the Covered (Gargoyle Fighter)               Turns: 3193, Time: 00:04:34

Health: 0/44       AC:  8    Str: 20    XL:     7   Next: 45%
Magic:  7/7        EV:  7    Int:  8    God:
Gold:   174        SH:  9    Dex: 11    Spells: 6/6 levels left

rFire    . . .     SeeInvis .   a - +0 long sword
rCold    . . .     Gourm    .   c - +0 shield
rNeg     + . .     Faith    .   b - +0 scale mail
rPois    ∞         Spirit   .   p - +0 helmet
rElec    +         Reflect  .   h - scarf {cloud immunity}
rCorr    .         Harm     .   g - +2 pair of gloves
MR       .....                  (no boots)
Stlth    ..........             (no amulet)
HPRegen  0.14/turn              (no ring)
MPRegen  0.10/turn              (no ring)

@: corroded, berserk cooldown, slowed, very slow
A: negative energy resistance 1, electricity resistance, unbreathing,
petrification resistance, rot immunity, AC +4
a: no special abilities


You were on level 7 of the Dungeon.
You were not hungry.

You visited 1 branch of the dungeon, and saw 5 of its levels.

You collected 220 gold pieces.
You spent 46 gold pieces at shops.

Inventory:

Hand Weapons
 a - a +0 long sword (weapon)
Armour
 b - a +0 scale mail (worn)
 c - a +0 shield (worn)
 g - a +2 pair of gloves (worn)
 h - a scarf of cloud immunity (worn)
 p - a +0 helmet (worn)
Wands
 n - a wand of polymorph (5)
Scrolls
 i - 2 scrolls of remove curse
 k - 6 scrolls of teleportation
 m - a scroll of enchant armour
Potions
 d - a potion of might
 e - a potion of berserk rage
 j - a potion of brilliance {unknown}
Comestibles
 f - 8 rations
 r - 3 chunks of flesh


   Skills:
 + Level 5.3 Fighting
 * Level 5.3 Long Blades
 + Level 5.3 Armour
 - Level 3.2 Shields


You had 6 spell levels left.
You didn't know any spells.
Your spell library was empty.

Dungeon Overview and Level Annotations

Branches:
Dungeon (4/15)
 Temple: D:4-7

Altars:
Elyvilon

Shops:
D:4 *


Innate Abilities, Weirdness & Mutations

You are resistant to torment.
Your stone body is resilient. (AC +4)
You are immune to poison.
You resist negative energy. (rN+)
You are resistant to electric shocks. (rElec)
You can survive without breathing.
You are immune to petrification.
You are immune to rotting.


Message History

The centaur hits you but does no damage.
The jelly hits you but does no damage.
The centaur hits you but does no damage.
The jelly hits you but does no damage.
The centaur hits you but does no damage.
You feel better.
You feel less wooden.
Your scarf of cloud immunity unmelds from your body.
Your +0 helmet unmelds from your body.
Your +2 pair of gloves unmelds from your body.
Your +0 scale mail unmelds from your body.
You feel immune to the effects of clouds.
The centaur hits you but does no damage.
The jelly hits you but does no damage. You block the centaur's attack.
The scorpion closely misses you. The jelly hits you.
* * * LOW HITPOINT WARNING * * *
The acid corrodes you!
You are splashed with acid!
* * * LOW HITPOINT WARNING * * *
You hit the jelly but do no damage. The acid corrodes you!
Your hands burn!
You die...

#........# #........#
#........#
############........#
...............>....#
########.######....##
##.......# #.o..#
##........ #sJc.#
##......... #.@..#
########.... #.)..#
.# #.#### #....# .#
#.# #....# .# #.#
###.## .# .# .## ..
..# ## #.######+


You could see a centaur, a scorpion, a jelly and an orc.

Vanquished Creatures
  An orc warrior (D:4)
  A phantom (D:7)
  An ogre (D:7)
  A howler monkey (D:4)
  An orc priest (D:4)
  An orc wizard (D:4)
  Jessica (D:2)
  An iguana (D:4)
  6 adders
  4 gnolls (D:2)
  An ooze (D:3)
  4 worms
  4 dart slugs
  3 leopard geckos
  5 orcs (D:4)
  3 giant cockroaches
  11 goblins
  7 hobgoblins
  7 jackals
  4 quokkas
  2 ball pythons
  7 bats
  A frilled lizard (D:2)
  6 rats
83 creatures vanquished.

Vanquished Creatures (others)
  A quokka (D:2)
1 creature vanquished.

Grand Total: 84 creatures vanquished

Notes
Turn   | Place    | Note
-------+----------+-------------------------------------------
     0 | D:1      | Borgoz the Gargoyle Fighter began the quest for the Orb.
     0 | D:1      | Reached XP level 1. HP: 14/14 MP: 1/1
     3 | D:1      | Noticed an electric eel
     3 | D:1      | Noticed an electric eel
   122 | D:1      | Reached XP level 2. HP: 16/19 MP: 2/2
   520 | D:1      | Reached XP level 3. HP: 23/23 MP: 3/3
  1032 | D:2      | Reached XP level 4. HP: 5/29 MP: 4/4
  1322 | D:2      | Noticed Jessica
  1327 | D:2      | Killed Jessica
  1736 | D:2      | Reached XP level 5. HP: 31/33 MP: 5/5
  1741 | D:2      | Found a white marble altar of Elyvilon.
  2577 | D:4      | Found Munkithra's Assorted Antiques.
  2580 | D:4      | Bought a scroll of identify for 46 gold pieces
  2622 | D:4      | Reached XP level 6. HP: 38/39 MP: 6/6
  2627 | D:4      | Noticed an orc warrior
  2652 | D:4      | Killed an orc warrior
  2811 | D:4      | Reached skill level 5 in Fighting
  2811 | D:4      | Reached skill level 5 in Armour
  3042 | D:4      | You fall into a shaft and drop 3 floors!
  3090 | D:7      | Noticed a phantom
  3106 | D:7      | Killed a phantom
  3106 | D:7      | Reached skill level 5 in Long Blades
  3106 | D:7      | Reached XP level 7. HP: 41/44 MP: 7/7
  3192 | D:7      | HP: 1/44 [acid (8)]
  3193 | D:7      | Splashed by a jelly's acid

Levels and vault maps discovered:
D:1:      arrival_aquarium_b, layout_loops_ring, solitary_fountain,
          minmay_pentomino_u2
D:2:      layout_loops_ring, elyvilon_altar_4, uniq_jessica
D:3:      layout_rooms, first_ration
D:4:      layout_cave_pools, serial_shops, kennysheep_mini,
          guppyfry_early_orc_mine
D:7:      layout_basic, makhleb_blood_cavern_becter, minmay_temple_entry_wispy

Skill      XL: |  1  2  3  4  5  6 |
---------------+-------------------+-----
Long Blades    | 2 3 4 5 |  5.3
Fighting       | 4 5 |  5.3
Armour         | 4 5 |  5.3
Shields        | |  3.2

Action                   |  1- 3 |  4- 6 |  7- 9 || total
-------------------------+-------+-------+-------++-------
Melee: Long sword        |   103 |   203 |    19 ||   325
  Use: Scroll            |       |     7 |     2 ||     9
       Potion            |       |     3 |     4 ||     7
  Eat: Chunk             |       |     8 |       ||     8
Armor: Scale mail        |    62 |   113 |     4 ||   179
       Skin              |       |       |    16 ||    16
Dodge: Dodged            |    36 |    60 |     3 ||    99
Block: Shield            |    62 |   102 |    18 ||   182
       Rpst.: Long sword |    10 |    22 |       ||    32

Table legend:
 A = Non-vault XP
 B = Vault XP
 C = Vault XP percentage of total XP
 D = Non-vault monster count
 E = Vault monster count
 F = Vault count percentage of total count
                 A         B        C        D         E       F
            +---------+---------+-------+---------+---------+-------
      Total |     616 |     265 |  30.1 |      73 |      10 |  12.0
            +---------+---------+-------+---------+---------+-------
        D:1 |      40 |       3 |   7.0 |      20 |       2 |   9.1
        D:2 |     118 |      37 |  23.9 |      23 |       1 |   4.2
        D:3 |      71 |       0 |   0.0 |      19 |       0 |   0.0
        D:4 |     103 |     225 |  68.6 |       6 |       7 |  53.8
        D:7 |     284 |       0 |   0.0 |       5 |       0 |   0.0
            +---------+---------+-------+---------+---------+-------
